 Dungeon Crawl Stone Soup version 0.19-a0-1008-g4c63d25 (webtiles) character file.

17088 Deemzul the Carver (level 12, 0/88 HPs)
             Began as an Octopode Monk on July 23, 2016.
             Slain by a vampire mosquito (9 damage)
             ... on level 12 of the Dungeon.
             The game lasted 00:19:44 (10841 turns).

Deemzul the Carver (Octopode Monk)                 Turns: 10841, Time: 00:19:45

Health: 0/88       AC:  7    Str: 10 (12) XL:     12   Next: 44%
Magic:  12/12      EV: 20    Int: 15 (18) God:
Gold:   953        SH:  0    Dex: 17 (18) Spells: 0 memorised, 11 levels left

rFire  . . .     SeeInvis .     Y - +2 great sword
rCold  . . .     Gourm    .     (shield currently unavailable)
rNeg   + + +     Faith    .     (helmet restricted)
rPois  +         Spirit   .     H - amulet of regeneration
rElec  +         Dismiss  .     e - ring of poison resistance
rCorr  .         Reflect  .     p - +5 ring of protection
SustAt .         Harm     .     Q - ring of positive energy
MR     .....                    T - ring of positive energy
Stlth  +++.......               u - ring "Paotz" {rElec rN+ Str+2 Int+4}
                                (no ring)
                                (no ring)
                                (no ring)

@: not resistant to hostile enchantments, fairly stealthy
A: almost no armour, amphibious, 8 rings, constrict 8, tentacle spike 1,
camouflage 1, deterioration 2, shaggy fur 1, electricity resistance, gelatinous
body 1
a: no special abilities


You were on level 12 of the Dungeon.
You were near starving.

You visited 2 branches of the dungeon, and saw 14 of its levels.

You collected 953 gold pieces.

Inventory:

Hand Weapons
 a - a +0 falchion
 M - a +2 scimitar of flaming
 Y - a +2 great sword (weapon)
Jewellery
 e - a ring of poison resistance (left tentacle)
 p - a +5 ring of protection (right tentacle)
 u - the ring "Paotz" (on tentacle) {rElec rN+ Str+2 Int+4}
   (You found it on level 12 of the Dungeon)

   [ring of positive energy]

   It affects your strength (+2).
   It affects your intelligence (+4).
   It insulates you from electricity.
   It protects you from negative energy.
 A - an uncursed amulet of harm {unknown}
 H - an amulet of regeneration (around mantle)
 Q - a ring of positive energy (on tentacle)
 T - a ring of positive energy (on tentacle)
Wands
 d - a wand of confusion (31/48)
 f - a wand of acid (6/15)
 j - a wand of lightning (9/15)
 r - a wand of flame (16/48)
 w - a wand of lightning (5/15)
 C - a wand of iceblast (6/15)
 F - a wand of flame (21/48)
 I - a wand of flame (38/48)
 J - a wand of flame (25/48)
 N - a wand of lightning (5/15)
 P - a wand of paralysis (11/24)
 R - a wand of random effects (14/48)
 Z - a wand of random effects (20/48)
Scrolls
 g - 11 scrolls of teleportation {unknown}
 i - 15 scrolls of identify {unknown}
 l - 2 scrolls of fog {unknown}
 m - 4 scrolls of enchant armour {unknown}
 q - 3 scrolls of enchant weapon {unknown}
 t - 2 scrolls of noise {unknown}
 x - 9 scrolls of remove curse {unknown}
 B - 3 scrolls of amnesia {unknown}
 L - a scroll of recharging {unknown}
 S - a scroll of fear {unknown}
Potions
 n - 2 potions of brilliance
 s - a potion of cancellation
 v - a potion of haste {unknown}
 z - a potion of agility
 G - a potion of might
 K - a potion of curing
Books
 k - a Fen Folio

   Spells                             Type                      Level
   a - Corpse Rot                     Necromancy                   2
   b - Stone Arrow                    Conjuration/Earth            3
   c - Leda's Liquefaction            Hexes/Earth                  4
   d - Summon Forest                  Summoning/Translocation      5
   e - Hydra Form                     Transmutation                6
   f - Summon Hydra                   Summoning                    7
 y - a book of Frost

   Spells                             Type                      Level
   a - Freeze                         Ice                          1
   b - Throw Frost                    Conjuration/Ice              2
   c - Ozocubu's Armour               Charms/Ice                   3
   d - Throw Icicle                   Conjuration/Ice              4
   e - Summon Ice Beast               Ice/Summoning                4
 D - a book of Changes

   Spells                             Type                      Level
   a - Beastly Appendage              Transmutation                1
   b - Sticks to Snakes               Transmutation                2
   c - Spider Form                    Transmutation/Poison         3
   d - Ice Form                       Ice/Transmutation            4
   e - Blade Hands                    Transmutation                5
 E - Sif Muna's Compendium of the Snowflakes
   (You found it on level 6 of the Dungeon)

   Spells                             Type                      Level
   a - Freeze                         Ice                          1
 W - a book of the Dragon

   Spells                             Type                      Level
   a - Flame Tongue                   Conjuration/Fire             1
   b - Cause Fear                     Hexes                        4
   c - Bolt of Fire                   Conjuration/Fire             6
   d - Dragon Form                    Transmutation                7
   e - Dragon's Call                  Summoning                    9
 X - a book of Clouds

   Spells                             Type                      Level
   a - Mephitic Cloud                 Conjuration/Poison/Air       3
   b - Conjure Flame                  Conjuration/Fire             3
   c - Poisonous Cloud                Conjuration/Poison/Air       6
   d - Freezing Cloud                 Conjuration/Ice/Air          6
   e - Ring of Flames                 Charms/Fire                  7
Comestibles
 b - 15 bread rations
 c - 7 meat rations
 h - 5 beef jerkies
 o - 11 fruits
 O - 7 slices of pizza


   Skills:
 + Level 10.5 Fighting
 * Level 14.0 Long Blades
 + Level 10.5 Dodging
 - Level 2.6 Stealth


You had 11 spell levels left.
You didn't know any spells.

Dungeon Overview and Level Annotations

Branches:
Dungeon (13/15)            Temple (1/1) D:7            Lair (0/6) D:9
    Orc (0/2) D:12
 Vaults: D:13-14

Altars:
Ashenzari
Cheibriados
Dithmenos
Elyvilon
Fedhas
Gozag
Hepliaklqana
Kikubaaqudgha
Makhleb
Nemelex Xobeh
Okawaru
Pakellas
Qazlal
Ru
Sif Muna
Trog
Uskayaw
Vehumet
Xom
Yredelemnul
Zin
The Shining One

Shops:
D:7 *   D:12 (%

Portals:
Trove: D:10 (show abyssal rune of Zot)


Innate Abilities, Weirdness & Mutations

You cannot wear most types of armour.
You are amphibious.
You can wear up to eight rings at the same time.
You can use your tentacles to constrict eight enemies at once.
Your skin changes colour to match your surroundings (Stealth+).
Your rubbery body absorbs attacks. (AC +1)
One of your tentacles bears a spike.
Your body often deteriorates upon taking damage.
You are covered in fur. (AC +1)
You are resistant to electric shocks. (rElec)


Message History

The vampire mosquito is moderately damaged.
The vampire mosquito bites you!
* * * LOW HITPOINT WARNING * * *
The vampire mosquito barely misses you.
You riposte.
You closely miss the vampire mosquito. You grab the vampire mosquito.
The vampire mosquito is moderately damaged.
The vampire mosquito closely misses you.
You riposte.
You slash the vampire mosquito! You grab the vampire mosquito.
You pierce the vampire mosquito, but do no damage.
The vampire mosquito is heavily damaged.
The vampire mosquito completely misses you.
You riposte.
You slash the vampire mosquito!
The vampire mosquito is severely damaged.
You slash the vampire mosquito!
You destroy the vampire mosquito!
You constrict the vampire mosquito. The vampire mosquito bites you!
* * * LOW HITPOINT WARNING * * *
Your body deteriorates!
You feel weakened. The vampire mosquito bites you!
You die...

......##################..#######
.J....# #..# ......# #..#
......##################..#######
....[.....................[......
##...............................
#.#############...............##
#.# #...............# #.#
#@..............# #.#
#y..............# #.#
#...............## ..#
#.................
##################


You could see a vampire mosquito.

Vanquished Creatures
  Erica (D:8)
  A hydra (D:10)
  The ghost of Deemzul the Nimble, a novice OpMo (D:10)
  An unseen horror (D:11)
  2 hill giants
  An orc knight (D:12)
  2 ugly things
  A gargoyle (D:9)
  2 molten gargoyles (D:11)
  3 trolls
  2 two-headed ogres (D:10)
  Grinder (D:3)
  A shadow (D:12)
  Sigmund (D:2)
  A wraith (D:12)
  19 yaks
  A human (D:8)
  3 hippogriffs
  A vampire mosquito (D:12)
  A mottled dragon (D:11)
  A hungry ghost (D:11)
  A water moccasin (D:7)
  The ghost of smajdalf the Gusty, an amateur TeAE (D:3)
  A wasp (D:10)
  2 black bears (D:8)
  An orc warrior (D:11)
  4 ice beasts
  3 phantoms
  A necrophage (D:6)
  A sky beast (D:11)
  4 ogres
  8 centaurs
  4 big kobolds
  2 giant frogs (D:11)
  Blork the orc (D:5)
  6 scorpions
  14 killer bees
  5 howler monkeys
  11 wights (D:12)
  3 lava snakes (D:11)
  A giant frog zombie (D:9)
  4 crimson imps
  3 hounds
  An orc priest (D:11)
  Crazy Yiuf (D:3)
  5 orc wizards
  3 centaur skeletons
  3 giant frog skeletons
  4 iguanas
  13 worker ants
  Natasha (thrice) (D:4)
  3 sheep (D:8)
  A hound skeleton (D:5)
  A howler monkey zombie (D:8)
  A worker ant zombie (D:5)
  Robin (D:4)
  5 gnolls
  8 adders
  2 howler monkey skeletons
  2 shadow imps
  2 oozes
  3 worms (D:2)
  A dart slug (D:1)
  3 giant geckos
  21 orcs
  8 giant cockroaches
  10 goblins
  10 hobgoblins
  4 jackals (D:7)
  31 kobolds
  3 quokkas
  A ball python (D:2)
  7 bats
  A giant gecko skeleton (D:4)
  5 giant newts
  2 gnoll zombies (D:3)
  A quokka skeleton (D:7)
  9 rats
  A fungus (D:3)
308 creatures vanquished.

Vanquished Creatures (others)
  An orc wizard (D:6)
  A bat (D:3)
2 creatures vanquished.

Grand Total: 310 creatures vanquished

Notes
Turn   | Place    | Note
-------+----------+-------------------------------------------
     0 | D:1      | Deemzul the Octopode Monk began the quest for the Orb.
     0 | D:1      | Reached XP level 1. HP: 16/16 MP: 1/1
   195 | D:1      | Reached XP level 2. HP: 21/21 MP: 2/2
   413 | D:1      | Reached XP level 3. HP: 26/26 MP: 3/3
   741 | D:2      | Noticed Sigmund
   756 | D:2      | Killed Sigmund
   756 | D:2      | Reached skill level 4 in Long Blades
   756 | D:2      | Reached XP level 4. HP: 11/33 MP: 4/4
   756 | D:2      | Reached XP level 5. HP: 12/37 MP: 5/5
  1122 | D:2      | Reached skill level 5 in Long Blades
  1152 | D:2      | Reached XP level 6. HP: 32/43 MP: 6/6
  1388 | D:2      | Found a sparkling altar of Nemelex Xobeh.
  1392 | D:2      | Noticed Natasha
  1636 | D:3      | Noticed smajdalf's ghost (amateur TeAE)
  1638 | D:3      | Noticed Grinder
  1660 | D:3      | Killed smajdalf's ghost
  1666 | D:3      | Killed Grinder
  1666 | D:3      | Reached skill level 6 in Long Blades
  1666 | D:3      | Reached XP level 7. HP: 8/49 MP: 7/7
  2099 | D:3      | Found a runed door.
  2149 | D:3      | Noticed Crazy Yiuf
  2157 | D:3      | Killed Crazy Yiuf
  2157 | D:3      | Reached skill level 5 in Dodging
  2343 | D:3      | Found a basalt altar of Yredelemnul.
  2430 | D:4      | Noticed Robin
  2438 | D:4      | Killed Robin
  2441 | D:4      | Reached skill level 5 in Fighting
  2543 | D:4      | Killed Natasha
  2621 | D:4      | Noticed Natasha
  2627 | D:4      | Killed Natasha
  2653 | D:4      | Noticed Natasha
  2660 | D:4      | Killed Natasha
  2924 | D:5      | Entered Level 5 of the Dungeon
  2950 | D:5      | Reached XP level 8. HP: 54/55 MP: 8/8
  2986 | D:5      | Reached skill level 7 in Long Blades
  3460 | D:5      | Found a snail-covered altar of Cheibriados.
  3550 | D:5      | Noticed Blork the orc
  3554 | D:5      | Killed Blork the orc
  3701 | D:5      | Reached skill level 8 in Long Blades
  4040 | D:6      | Found a deep blue altar of Sif Muna.
  4061 | D:6      | Identified Sif Muna's Compendium of the Snowflakes
  4246 | D:6      | Found a blossoming altar of Fedhas.
  4261 | D:6      | Reached XP level 9. HP: 62/62 MP: 9/9
  4601 | D:7      | Found an oddly glowing altar of Pakellas.
  4767 | D:7      | Reached skill level 9 in Long Blades
  4814 | D:7      | Found a radiant altar of Vehumet.
  4815 | D:7      | Found a staircase to the Ecumenical Temple.
  4840 | Temple   | Entered the Ecumenical Temple
  5103 | D:7      | Found a sparkling altar of Nemelex Xobeh.
  5454 | D:7      | Found Sumesch's General Store.
  5874 | D:8      | Found a bloodstained altar of Trog.
  5989 | D:8      | Reached skill level 10 in Long Blades
  6038 | D:8      | Found an opulent altar of Gozag.
  6091 | D:8      | Reached XP level 10. HP: 9/71 MP: 10/10
  6610 | D:8      | Noticed Erica
  6657 | D:8      | Killed Erica
  6715 | D:9      | Noticed a hand axe
  6715 | D:9      | Noticed a dagger
  6715 | D:9      | Noticed a gargoyle
  6723 | D:9      | Killed a gargoyle
  6723 | D:9      | Reached skill level 11 in Long Blades
  6725 | D:9      | Found a hide-covered altar of Uskayaw.
  6765 | D:9      | Found a glowing silver altar of Zin.
  6765 | D:9      | Noticed an angel
  6768 | D:9      | Found a burning altar of Makhleb.
  6768 | D:9      | Noticed a cacodemon
  6886 | D:9      | Found a staircase to the Lair.
  7234 | D:9      | Found an ancient bone altar of Kikubaaqudgha.
  7411 | D:10     | Entered Level 10 of the Dungeon
  7637 | D:10     | Found a snail-covered altar of Cheibriados.
  7838 | D:10     | Noticed a hill giant
  7891 | D:10     | Killed a hill giant
  7891 | D:10     | Reached XP level 11. HP: 58/80 MP: 11/11
  8003 | D:10     | Reached skill level 12 in Long Blades
  8007 | D:10     | Noticed Deemzul's ghost (novice OpMo)
  8209 | D:10     | Killed Deemzul's ghost
  8280 | D:10     | Found a portal to a secret trove of treasure.
  8521 | D:10     | Noticed an eight-headed hydra
  8532 | D:10     | Gained mutation: You are covered in fur. (AC +1) [potion of mutation]
  8532 | D:10     | Gained mutation: You are resistant to electric shocks. (rElec) [potion of mutation]
  8532 | D:10     | Gained mutation: Your spells are a little easier to cast, but a little less powerful. [potion of mutation]
  8540 | D:10     | Killed a five-headed hydra
  8961 | D:11     | Noticed a brown ugly thing
  8970 | D:11     | Killed a brown ugly thing
  8977 | D:11     | Gained mutation: You are partially covered in slimy green scales. (AC +2) [mutagenic meat]
  8980 | D:11     | Gained mutation: Your flesh is heat resistant. (rF+) [mutagenic meat]
  8986 | D:11     | Lost mutation: Your spells are a little easier to cast, but a little less powerful. [mutagenic meat]
  9114 | D:11     | Noticed an unseen horror
  9114 | D:11     | Killed an unseen horror
  9120 | D:11     | Reached skill level 13 in Long Blades
  9317 | D:11     | Noticed a hill giant
  9330 | D:11     | Lost mutation: Your flesh is heat resistant. (rF+) [potion of cure mutation]
  9330 | D:11     | Lost mutation: You are partially covered in slimy green scales. (AC +2) [potion of cure mutation]
  9337 | D:11     | Killed a hill giant
  9337 | D:11     | Reached skill level 10 in Fighting
  9414 | D:11     | Reached XP level 12. HP: 38/87 MP: 12/12
  9415 | D:11     | Reached skill level 10 in Dodging
  9714 | D:12     | Found a hide-covered altar of Uskayaw.
  9762 | D:12     | Gained mutation: Your body sometimes deteriorates upon taking damage. [mutagenic meat]
  9765 | D:12     | Gained mutation: One of your tentacles bears a spike. [mutagenic meat]
  9768 | D:12     | Gained mutation: Your body often deteriorates upon taking damage. [mutagenic meat]
  9869 | D:12     | Found a staircase to the Orcish Mines.
  9933 | D:12     | Found Ikkej's Weapon Emporium.
 10299 | D:12     | Found Dietaihi's Food Emporium.
 10414 | D:12     | Got a brightly glowing lead ring
 10456 | D:12     | Identified the ring "Paotz" {rElec rN+ Str+2 Int+4} (You found it on level 12 of the Dungeon)
 10472 | D:12     | Reached skill level 14 in Long Blades
 10823 | D:13     | Noticed a centaur warrior
 10841 | D:12     | Slain by a vampire mosquito

Vault maps used:
D:1:      nicolae_arrival_washed_ashore
D:2:      kennysheep_six_static_rooms, first_bread, nemelex_spade_bored_becter,
          uniq_sigmund, uniq_natasha
D:3:      lemuel_zombie_altar_yredelemnul, grunt_ministairs_15,
          uniq_crazy_yiuf_cottage, uniq_grinder
D:4:      uniq_robin
D:5:      marbit_many_paths, kennysheep_crisscross, uniq_blork_the_orc
D:6:      led_sif_book, lemuel_round_altar
D:7:      vehumet_altar_wand_db, lemuel_doored_altar, basic_altar, serial_shops,
          kennysheep_mini
D:8:      trog_ov_bears_minmay, lemuel_crystal_altar, grunt_livestock,
          uniq_erica
D:9:      grunt_temple_overflow_order_and_chaos_2,
          nicolae_overflow_hidden_temple, dancing_weapons_uskayaw, lair_0_dummy
D:10:     enter_trove_1, minmay_misc_feat_five, lemuel_statue_altar
D:11:     cheibrodos_magma_flow
D:12:     orc_david_3, basic_altar, serial_shops, shop_coins, laboratory
D:13:     david_vaults_2, lab_entry_generic
Temple:   cyrus_temple_forest

Skill      XL: |  1  2  3  4  5  6  7  8  9 10 11 12 |
---------------+-------------------------------------+-----
Fighting       | 4 5 6 7 9 10 | 10.5
Long Blades    | 4 5 6 8 10 11 13 14 | 14.0
Dodging        | 4 5 6 7 8 9 10 | 10.5
Stealth        | |  2.6

Action                   |  1- 3 |  4- 6 |  7- 9 | 10-12 || total
-------------------------+-------+-------+-------+-------++-------
Melee: Falchion          |    40 |     3 |    25 |       ||    68
       Constrict         |    11 |    18 |    62 |    63 ||   154
       Tentacles         |     9 |     8 |    62 |   126 ||   205
       Great sword       |       |    55 |   326 |   326 ||   707
       Scimitar          |       |       |       |   294 ||   294
       Kick              |       |       |       |    49 ||    49
Evoke: Wand              |       |       |       |     1 ||     1
  Use: Potion            |       |     5 |     3 |     9 ||    17
       Scroll            |       |       |       |     3 ||     3
 Stab: Sleeping          |     6 |    12 |    29 |    15 ||    62
       Distracted        |       |       |     1 |     1 ||     2
  Eat: Chunk             |       |     2 |    14 |    19 ||    35
       Fruit             |       |       |       |     1 ||     1
       Pizza             |       |       |       |     1 ||     1
       Beef jerky        |       |       |       |     1 ||     1
Armor: Skin              |     2 |    15 |   146 |    82 ||   245
Dodge: Dodged            |    21 |    18 |   179 |   315 ||   533
